Map: 16-Bit LE

Players

soul - Winner!

  • Race: Terran Terran
  • Spawn Location: 7:00

Rex

  • Race: Zerg Zerg
  • Spawn Location: 1:00

Event: WCS Austin 2018

VOD

Have the link to the VOD?

Description

Time

  • Played on: June 1, 2018, 4:38 p.m.
  • Length: 14:59

All games in this series

Show
View Real Time Build Order
Export as new Build Order

soul Terran - Winner!

Build Orders: Reaper Expand, Bio Tank, Hellion Banshee 

Get SALT Encoding   

  12  0:00  SCV  
  13  0:12  SCV  
  14  0:18  Supply Depot  
  14  0:24  SCV  
  15  0:39  SCV  
  15  0:42  Barracks  
  16  0:45  Refinery  
  16  0:53  SCV  
  17  1:05  SCV  
  18  1:18  SCV  
  19  1:29  Reaper  
  19  1:30  Orbital Command  
  20  1:44  Command Center  
  20  1:53  Supply Depot  
  20  1:56  SCV  
  21  2:05  Marine  
  22  2:09  Factory  
  22  2:12  SCV  
  23  2:24  SCV, Barracks Reactor  
  24  2:36  SCV  
  25  2:48  SCV  
  25  2:49  Command Center  
  26  2:56  Orbital Command  
  26  3:01  SCV  
  26  3:05  Starport  
  27  3:11  Refinery  
  27  3:13  SCV  
  27  3:19  Hellion  
  29  3:22  Hellion  
  29  3:24  Barracks Tech Lab  
  29  3:27  SCV  
  32  3:28  SCV  
  33  3:39  SCV  
  33  3:40  SCV, Hellion  
  37  3:43  Hellion  
  39  3:49  Banshee  
  39  3:50  Barracks Tech Lab  
  39  3:51  SCV  
  43  3:56  SCV  
  43  4:01  Orbital Command  
  44  4:03  SCV  
  44  4:07  Hellion  
  44  4:08  SCV  
  48  4:11  Hellion  
  48  4:14  Stimpack  
  48  4:15  SCV  
  51  4:20  SCV  
  52  4:25  Supply Depot  
  52  4:27  SCV x2  
  54  4:32  SCV  
  55  4:39  SCV  
  55  4:40  Starport Reactor, Siege Tank, Barracks  
  55  4:42  Marine  
  55  4:43  Barracks  
  55  4:45  SCV  
  61  4:46  SCV  
  61  4:52  Engineering Bay  
  62  4:54  Engineering Bay  
  62  4:58  Refinery  
  62  4:59  Refinery  
  62  5:00  Marine  
  62  5:01  Supply Depot  
  62  5:02  SCV x2  
  62  5:04  Orbital Command  
  65  5:14  SCV x2  
  65  5:17  Marine  
  68  5:22  Terran Infantry Weapons Level 1, Terran Infantry Armor Level 1  
  68  5:26  SCV x2  
  70  5:31  Starport Reactor, SCV, Marine  
  70  5:33  Marine  
  70  5:34  Supply Depot x2  
  73  5:35  Marine  
  73  5:37  Marine  
  73  5:38  SCV x2, Marine  
  74  5:43  SCV  
  74  5:49  Marine  
  76  5:50  SCV  
  76  5:55  Siege Tank, Supply Depot, SCV x2, Marine x2  
  76  5:56  Missile Turret, Supply Depot  
  84  5:57  Marine  
  84  5:58  Marine  
  84  6:02  SCV  
  87  6:06  Marine  
  87  6:07  SCV  
  87  6:08  Medivac x2  
  93  6:14  Combat Shield  
  93  6:16  Marine x3  
  93  6:17  SCV x2, Marine  
  99  6:20  SCV  
  99  6:23  Armory  
  99  6:25  Barracks x2  
  100  6:26  Supply Depot  
  100  6:30  Liberator  
  100  6:31  SCV x2, Marine  
  100  6:32  Supply Depot  
  101  6:34  Marine x3  
  101  6:37  SCV, Marine  
  106  6:43  SCV  
  106  6:44  Medivac  
  109  6:48  SCV  
  109  6:49  Marine  
  109  6:52  Marine x2  
  109  6:53  Supply Depot  
  116  6:56  Supply Depot x2  
  116  6:57  Refinery  
  116  6:58  Refinery, Marine x2  
  118  7:06  Marine  
  117  7:10  Marine x2  
  117  7:11  Marine  
  117  7:14  Barracks Reactor, Medivac  
  122  7:16  Marine x2  
  122  7:19  Factory, Command Center  
  122  7:21  SCV  
  122  7:22  SCV x2  
  127  7:24  Marine  
  128  7:31  Siege Tank, Marine x3  
  128  7:32  Command Center  
  128  7:34  SCV, Marine x2  
  128  7:36  SCV  
  138  7:42  Marine  
  136  7:49  Marine x2  
  136  7:51  Terran Infantry Weapons Level 2  
  139  7:52  Barracks Reactor, Marine x2  
  139  7:53  Terran Infantry Armor Level 2, Marine  
  139  7:55  Marine  
  142  8:00  Marine  
  142  8:03  SCV, Factory Tech Lab  
  142  8:05  Supply Depot, Terran Vehicle Weapons Level 1  
  144  8:06  Marine, Concussive Shells  
  144  8:07  Marine  
  144  8:09  Marine x2  
  144  8:11  Marine  
  149  8:14  Marine  
  149  8:18  Marine  
  148  8:22  Siege Tank  
  148  8:24  Marine  
  148  8:25  Marine  
  149  8:27  Marine x2  
  149  8:28  Siege Tank  
  149  8:29  Marine, Medivac  
  149  8:30  Medivac  
  157  8:37  Barracks  
  157  8:38  Marine x2, Barracks  
  157  8:39  Barracks, Marine  
  157  8:40  Supply Depot, Marine  
  161  8:41  Supply Depot  
  161  8:42  Marine  
  161  8:43  Marine  
  161  8:45  Marine  
  161  8:46  Marauder  
  161  8:47  Marine  
  165  8:54  Siege Tank  
  162  8:56  Marine x3  
  162  8:58  Marine  
  162  8:59  Medivac  
  162  9:00  Marine, Medivac  
  162  9:01  Marine  
  172  9:03  SCV  
  172  9:07  Marauder  
  175  9:10  Marine  
  175  9:11  Marine  
  175  9:14  Siege Tank, Marine x3  
  175  9:16  Marine  
  181  9:23  Sensor Tower  
  181  9:26  Marine x5  
  181  9:28  Marauder  
  187  9:34  Planetary Fortress  
  187  9:43  Starport, Fusion Core  
  179  9:49  Marine  
  179  9:50  Barracks Tech Lab x3  
  159  9:55  Siege Tank  
  159  9:57  Siege Tank, Marine x6  
  159  9:58  Marauder  
  168  10:01  Marine  
  168  10:07  Marine  
  164  10:11  Marauder, Marine x2  
  166  10:15  Marine x3  
  166  10:16  Marine  
  166  10:17  Marine  
  166  10:19  Marauder  
  166  10:20  Marine  
  166  10:21  Refinery x2  
  174  10:26  Marine  
  174  10:27  Siege Tank  
  178  10:29  Marauder x2  
  178  10:32  Marauder  
  178  10:33  Marine  
  185  10:40  Terran Infantry Armor Level 3, Starport Tech Lab, Terran Infantry Weapons Level 3  
  184  10:52  Terran Ship Weapons Level 1  
  184  11:08  Command Center  
  184  11:10  Marauder x4, Command Center  
  184  11:11  Advanced Ballistics  
  192  11:12  Reaper  
  192  11:18  Command Center  
  193  11:28  Ghost Academy  
  193  11:33  Liberator x2  
  187  11:58  Ghost x4  
  187  11:59  Liberator  
  187  12:06  Starport  
  176  12:16  Liberator  
  179  12:24  Planetary Fortress  
  179  12:26  Ghost x3  
  179  12:27  Planetary Fortress  
  188  12:37  Command Center  
  188  12:40  Command Center  
  188  12:43  Ghost  
  187  12:50  Starport Reactor, Liberator x2  
  186  12:53  Command Center  
  186  12:55  Ghost  
  186  12:56  Ghost  
  182  13:29  Marine  
  182  13:30  Marauder, Command Center  
  182  13:31  Marauder, Marine  
  188  13:34  Marine x4  
  188  13:35  Marauder  
  188  13:37  Marauder, Marine x2  
  198  13:47  Marine  
  199  13:49  Marine  
  199  13:51  Marauder, SCV x3  
  199  13:52  Marine x3  
  199  13:55  Planetary Fortress  
  200  13:58  SCV  
  200  13:59  SCV  
  200  14:01  Planetary Fortress  
  197  14:03  Planetary Fortress, SCV x3  
  162  14:34  Marauder x3, Marine  
  162  14:37  Marauder, Marine  
  172  14:40  Marine  
Show
View Real Time Build Order
Export as new Build Order

Rex Zerg 

Build Orders: Hatch First 

Get SALT Encoding   

  12  0:00  Drone  
  13  0:13  Overlord  
  13  0:18  Drone  
  14  0:31  Drone  
  14  0:32  Drone  
  16  0:36  Drone  
  17  0:53  Hatchery  
  17  0:56  Drone  
  17  1:01  Drone  
  18  1:16  Spawning Pool  
  17  1:18  Drone  
  17  1:21  Drone  
  19  1:29  Drone  
  20  1:45  Hatchery  
  19  1:51  Drone  
  20  2:02  Queen  
  20  2:06  Queen  
  24  2:11  Zergling x2  
  24  2:13  Zergling x2  
  26  2:18  Overlord  
  26  2:23  Drone  
  26  2:25  Drone  
  28  2:41  Drone x2  
  29  2:44  Queen  
  29  2:46  Drone x2  
  29  2:49  Drone  
  34  2:55  Overlord  
  34  2:56  Drone  
  35  3:03  Queen  
  36  3:06  Drone  
  36  3:07  Drone x2  
  39  3:13  Drone  
  39  3:14  Drone  
  39  3:16  Drone x2  
  43  3:20  Drone x2  
  43  3:23  Extractor x2  
  43  3:28  Drone  
  43  3:29  Drone x2  
  43  3:32  Overlord  
  46  3:36  Drone x2  
  46  3:37  Drone  
  49  3:44  Overlord  
  49  3:50  Drone  
  49  3:51  Roach Warren, Evolution Chamber  
  49  3:53  Evolution Chamber  
  49  3:55  Drone x2  
  49  3:57  Drone  
  49  3:59  Drone  
  51  4:03  Drone x2  
  51  4:04  Drone  
  51  4:06  Drone  
  51  4:09  Drone  
  57  4:10  Drone  
  57  4:19  Overlord, Lair  
  57  4:21  Drone x2  
  57  4:23  Spore Crawler  
  58  4:26  Queen  
  60  4:33  Drone x4  
  60  4:36  Overlord  
  64  4:39  Spore Crawler  
  63  4:46  Roach x4  
  63  4:48  Roach  
  63  4:52  Zerg Missile Weapons Level 1  
  73  5:00  Overlord  
  73  5:01  Drone x3  
  73  5:04  Extractor x2  
  73  5:05  Drone x2  
  76  5:07  Drone  
  76  5:08  Drone  
  76  5:09  Drone  
  76  5:10  Drone x3  
  81  5:17  Overlord  
  81  5:20  Overlord  
  80  5:23  Extractor, Drone x2  
  80  5:24  Extractor  
  80  5:25  Drone  
  80  5:27  Zerg Ground Armor Level 1  
  81  5:28  Overlord  
  81  5:29  Overlord  
  81  5:30  Overlord  
  81  5:38  Glial Reconstitution  
  81  5:47  Drone  
  81  5:48  Drone x2  
  84  5:52  Drone x5  
  84  5:54  Drone  
  90  5:58  Overlord  
  90  6:08  Overlord  
  90  6:09  Roach x2  
  90  6:10  Roach x5  
  104  6:12  Overseer  
  104  6:20  Roach  
  104  6:21  Roach x4  
  114  6:28  Roach  
  114  6:29  Roach  
  118  6:34  Hatchery  
  118  6:36  Roach  
  118  6:37  Overlord, Roach x3  
  125  6:41  Overlord  
  125  6:42  Roach x2  
  125  6:44  Overlord  
  129  6:50  Roach  
  129  6:51  Roach x3  
  137  6:58  Roach x2  
  141  7:09  Roach  
  141  7:10  Overlord, Roach x2  
  141  7:11  Roach x5  
  157  7:17  Roach x2  
  157  7:18  Overlord  
  161  7:24  Overlord x2  
  161  7:27  Overlord  
  161  7:33  Overlord  
  161  7:34  Overlord  
  161  7:45  Zerg Ground Armor Level 2  
  161  7:46  Zerg Melee Weapons Level 1  
  161  7:47  Baneling Nest, Infestation Pit, Drone  
  161  7:48  Drone x8  
  168  7:53  Drone  
  168  7:54  Drone  
  170  7:59  Drone  
  170  8:01  Drone  
  170  8:02  Drone x2  
  170  8:04  Metabolic Boost, Hatchery  
  173  8:13  Hatchery  
  172  8:33  Hive  
  169  8:34  Drone x2  
  171  8:45  Zergling x12  
  171  8:46  Zergling x14  
  182  8:48  Hatchery x2  
  176  8:56  Zergling x2  
  176  8:57  Zergling x4  
  176  9:02  Zergling x10  
  184  9:04  Spire  
  183  9:16  Centrifical Hooks, Zergling x16  
  191  9:19  Baneling x2  
  191  9:21  Baneling x7  
  191  9:22  Baneling, Ravager  
  191  9:23  Overlord, Ravager x6  
  194  9:31  Baneling x9  
  177  9:50  Zergling x24  
  170  10:00  Adrenal Glands  
  170  10:02  Ultralisk Cavern  
  163  10:08  Hatchery  
  163  10:10  Zergling x10  
  163  10:11  Zergling x12  
  171  10:17  Zerg Melee Weapons Level 2  
  171  10:19  Greater Spire  
  169  10:37  Drone x4  
  173  10:54  Ultralisk x2  
  173  10:55  Viper x2  
  191  11:00  Hatchery  
  190  11:04  Chitinous Plating  
  190  11:07  Ravager x2  
  190  11:08  Ravager x2  
  194  11:15  Spore Crawler, Ultralisk  
  199  11:21  Zergling x2  
  199  11:23  Overlord  
  199  11:32  Zergling x2  
  199  11:33  Zergling x2  
  188  11:49  Zergling x2  
  188  11:50  Zergling x22  
  176  12:11  Zergling x2  
  176  12:12  Zergling x30  
  176  12:14  Zerg Ground Armor Level 3  
  190  12:15  Drone  
  191  12:23  Corruptor x2  
  193  12:45  Ultralisk  
  199  12:53  Hatchery  
  199  12:57  Baneling x12  
  199  12:58  Baneling x7  
  198  13:01  Zerg Flyer Weapons Level 1  
  195  13:06  Zergling x8  
  185  13:28  Baneling x9  
  185  13:29  Baneling x6  
  185  13:30  Baneling x3  
  185  13:31  Baneling x3  
  182  13:35  Zergling x20  
  180  13:50  Corruptor x5  
  179  14:09  Baneling x13  
  157  14:30  Zergling x22  
  110  14:54  Hatchery  
Tags
 
Add a new tag
Caveats
  • Supply blocks, unpowered buildings, or Contaminate may cause inaccurate times.
  • Supply counts are checked every 10 seconds.